 Dungeon Crawl Stone Soup version 0.19.0-22-gd96e5fe (webtiles) character file.

27931 Monsterracer the Severer (level 13, -8/187 HPs)
             Began as a Minotaur Berserker on Nov 19, 2016.
             Was a High Priest of Trog.
             Mangled by an earth elemental (21 damage)
             ... in a volcano.
             The game lasted 00:26:19 (11113 turns).

Monsterracer the Severer (Minotaur Berserker)      Turns: 11113, Time: 00:26:19

Health: -8/187     AC: 26    Str: 26    XL:     13   Next: 7%
Magic:  0/12       EV:  9    Int:  8    God:    Trog [*****.]
Gold:   532        SH:  0    Dex: 16    Spells: 0 memorised, 12 levels left

rFire  . . .     SeeInvis .     B - +3 battleaxe "Tora" {chop, +Blink rPois Int+4}
rCold  . . .     Gourm    .     v - +0 plate armour
rNeg   . . .     Faith    .     (shield currently unavailable)
rPois  +         Spirit   +     (helmet restricted)
rElec  .         Reflect  .     l - +1 cloak
rCorr  .         Harm     .     C - +0 pair of gloves
MR     .....                    D - +2 pair of boots
Stlth  ..........               H - amulet of guardian spirit
                                e - +2 ring of protection
                                a - ring of loudness (curse)

@: berserking, very quick
A: retaliatory headbutt, horns 2
a: Berserk, Trog's Hand, Brothers in Arms, Burn Spellbooks, Renounce Religion,
Evoke Blink


You were in a volcano.
You worshipped Trog.
Trog was extremely pleased with you.
You were very hungry.

You visited 2 branches of the dungeon, and saw 12 of its levels.
You also visited: Ossuary and Volcano.

You collected 760 gold pieces.
You spent 228 gold pieces at shops.

Inventory:

Hand Weapons
 d - a +1 antimagic battleaxe
 B - the +3 battleaxe "Tora" (weapon) {chop, +Blink rPois Int+4}
   (You acquired it on level 3 of the Lair of Beasts)

   It inflicts extra damage upon your enemies.
   It affects your intelligence (+4).
   It protects you from poison.
   It lets you blink.
Armour
 l - a +1 cloak (worn)
 v - a +0 plate armour (worn)
 C - a +0 pair of gloves (worn)
 D - a +2 pair of boots (worn)
Jewellery
 a - a cursed ring of loudness (left hand)
 e - a +2 ring of protection (right hand)
 k - an uncursed amulet of faith {unknown}
 H - an amulet of guardian spirit (around neck)
Scrolls
 b - 12 scrolls of identify
 g - 5 scrolls of remove curse {unknown}
 i - a scroll of magic mapping
 j - 2 scrolls of blinking
 n - a scroll of enchant weapon
 w - a scroll of fog
Potions
 h - 3 potions of agility
 o - 3 potions of brilliance
 p - 3 potions of might
 s - 3 potions of curing
 x - 3 potions of flight
 A - 2 potions of haste
Comestibles
 c - 6 bread rations
 f - a chunk of flesh
 q - 7 meat rations
 r - 5 slices of pizza
 t - 7 royal jellies
 E - 9 fruits
 J - 2 beef jerkies


   Skills:
 + Level 14.3 Fighting
 * Level 15.9 Axes
 + Level 14.2 Armour
 - Level 2.1 Dodging


You had 12 spell levels left.
You didn't know any spells.

Dungeon Overview and Level Annotations

Branches:
Dungeon (8/15)             Temple (0/1) D:4            Lair (4/6) D:8
 Shoals (0/4) Lair:2       Spider (0/4) Lair:2

Altars:
Fedhas
Gozag
Kikubaaqudgha
Sif Muna
The Shining One

Shops:
D:5 *   D:8 *?

Annotations:
Lair:3 exclusion: 4 oklob plants


Innate Abilities, Weirdness & Mutations

You reflexively headbutt those who attack you in melee.
You have a pair of horns on your head.


Message History

The earth elemental hits you but does no damage.
You slash the earth elemental! You headbutt the earth elemental.
The earth elemental is severely damaged.
You hit the earth elemental.
The earth elemental is almost destroyed.
The earth elemental closely misses you.
You hit the earth elemental but do no damage.
You headbutt the earth elemental.
The earth elemental is almost destroyed.
The lindwurm breathes flames at you. The blast of flame hits you!
* * * LOW HITPOINT WARNING * * *
You hit the earth elemental.
You destroy the earth elemental!
Trog accepts your kill.
You hit the earth elemental but do no damage.
You hit the earth elemental. You headbutt the earth elemental!
The earth elemental is heavily damaged.
The earth elemental hits you!!
You die...

#..# ##..## #.§≈.#
### ##.≈≈.## ##
..## #.≈≈≈..## #.#
...#####.≈≈≈≈..#
##..
#.#..##.§≈≈≈≈..#
..#
####.##.≈≈kk≈≈.##E#
≈##.'######≈#'@#
§§§ #### ###### ≈§≈
≈≈§§§ ≈§§§# §§..#
..###


You could see 2 lindwurms and an earth elemental.

Vanquished Creatures
  Fannar (Lair:1)
  A wolf spider (Lair:2)
  An elephant (Lair:3)
  A manticore (Lair:3)
  Joseph (Lair:1)
  A toenail golem (Volcano)
  2 black mambas
  A spiny frog (Lair:3)
  2 rime drakes
  2 komodo dragons
  A queen bee (Lair:3)
  14 blink frogs
  A polar bear (Lair:3)
  Prince Ribbit (D:5)
  4 hippogriffs
  14 yaks
  2 wyverns (Lair:3)
  3 fire bats (Lair:4)
  3 basilisks (Lair:3)
  Eustachio (D:5)
  2 steam dragons (Lair:3)
  A hungry ghost (D:8)
  9 water moccasins
  Duvessa (D:5)
  5 porcupines
  2 black bears (D:8)
  2 sky beasts (D:8)
  An ice beast (D:7)
  A hornet zombie (D:8)
  An orc warrior (D:6)
  A phantom (D:5)
  2 wolves (Lair:3)
  5 necrophages (D:8)
  3 ogres
  2 centaurs
  12 crocodiles
  3 elf zombies (Ossuary)
  4 earth elementals (Volcano)
  9 bullfrogs
  2 scorpions
  Dowan (D:5)
  33 killer bees (Lair:3)
  3 wights (D:7)
  3 electric eels
  3 howler monkeys
  2 centaur zombies (Ossuary)
  4 crimson imps
  A quasit (D:7)
  A bullfrog zombie (D:8)
  5 hounds
  A human zombie (Ossuary)
  2 jellies
  An orc priest (D:6)
  2 orc wizards (D:6)
  2 centaur skeletons (D:5)
  2 iguanas (D:8)
  2 hell rats (Lair:3)
  4 worker ants
  A big kobold zombie (Ossuary)
  A hound zombie (D:8)
  A hound skeleton (D:4)
  2 mummies (Ossuary)
  A worker ant zombie (D:8)
  6 adders
  An ooze (D:2)
  2 adder skeletons
  An adder zombie (D:7)
  2 worms (D:2)
  3 dart slugs
  3 leopard geckos
  12 orcs
  2 ball pythons
  4 bats
  4 giant cockroaches
  4 goblins
  A hobgoblin (D:2)
  8 jackals
  2 quokkas
  8 frilled lizards
  A goblin zombie (Ossuary)
  6 hobgoblin zombies (Ossuary)
  A jackal zombie (Ossuary)
  6 kobolds
  10 kobold zombies (Ossuary)
  11 orc zombies (Ossuary)
  A quokka skeleton (D:8)
  A quokka zombie (D:7)
  5 rats
  A rat zombie (Ossuary)
  5 bushes (D:8)
  A fungus (Lair:4)
  4 plants (D:8)
319 creatures vanquished.

Vanquished Creatures (others)
  A killer bee (Lair:3)
  A fungus (Lair:3)
2 creatures vanquished.

Grand Total: 321 creatures vanquished

Notes
Turn   | Place    | Note
-------+----------+-------------------------------------------
     0 | D:1      | Monsterracer the Minotaur Berserker began the quest for the Orb.
     0 | D:1      | Reached XP level 1. HP: 19/19 MP: 0/0
   205 | D:1      | Reached skill level 4 in Axes
   495 | D:1      | Reached XP level 2. HP: 25/26 MP: 1/1
   648 | D:2      | Reached skill level 5 in Axes
   846 | D:2      | Reached XP level 3. HP: 20/31 MP: 2/2
  1524 | D:3      | Reached ** piety under Trog
  1577 | D:3      | Reached XP level 4. HP: 34/39 MP: 3/3
  1617 | D:3      | Found an ancient bone altar of Kikubaaqudgha.
  1626 | D:3      | Reached skill level 6 in Axes
  2187 | D:4      | Reached XP level 5. HP: 38/45 MP: 4/4
  2192 | D:4      | Reached skill level 7 in Axes
  2199 | D:4      | Noticed an ogre
  2210 | D:4      | Killed an ogre
  2210 | D:4      | Reached skill level 8 in Axes
  2210 | D:4      | Reached XP level 6. HP: 34/51 MP: 5/5
  2492 | D:4      | Found a staircase to the Ecumenical Temple.
  2786 | D:5      | Entered Level 5 of the Dungeon
  2863 | D:5      | Found Otallor's Assorted Antiques.
  2874 | D:5      | Bought a faintly glowing hand axe for 200 gold pieces
  2874 | D:5      | Identified the +6 hand axe of Ycou {venom, *Drain Int+4 SInv} (You bought it in a shop on level 5 of the Dungeon)
  2909 | D:5      | Noticed Dowan
  2910 | D:5      | Noticed Duvessa
  2913 | D:5      | Killed Dowan
  2913 | D:5      | Reached skill level 9 in Axes
  2917 | D:5      | Killed Duvessa
  2917 | D:5      | Reached XP level 7. HP: 57/57 MP: 6/6
  2919 | D:5      | Reached skill level 10 in Axes
  3027 | D:5      | Noticed Prince Ribbit
  3043 | D:5      | Killed Prince Ribbit
  3043 | D:5      | Reached *** piety under Trog
  3641 | D:5      | Noticed Eustachio
  3652 | D:5      | Killed Eustachio
  3652 | D:5      | Reached XP level 8. HP: 67/67 MP: 7/7
  4037 | D:6      | Reached skill level 11 in Axes
  4074 | D:6      | Reached skill level 5 in Fighting
  4400 | D:6      | Reached skill level 5 in Armour
  4720 | D:6      | Found a deep blue altar of Sif Muna.
  4935 | D:7      | Reached skill level 12 in Axes
  4937 | D:7      | Reached **** piety under Trog
  4998 | D:7      | Reached XP level 9. HP: 70/75 MP: 8/8
  5639 | D:8      | Reached skill level 13 in Axes
  5689 | D:8      | Found a sand-covered staircase.
  5728 | Ossuary  | Entered an ossuary
  5986 | D:8      | Found Pukawopp's Magic Scroll Boutique.
  5997 | D:8      | Bought a scroll of identify for 28 gold pieces
  6014 | D:8      | Found a blossoming altar of Fedhas.
  6095 | D:8      | Found a staircase to the Lair.
  6318 | D:8      | Found Mackenn's Assorted Antiques.
  6409 | D:8      | Reached ***** piety under Trog
  6415 | D:8      | Found an opulent altar of Gozag.
  6416 | D:8      | Found a glowing golden altar of the Shining One.
  6740 | D:8      | Reached XP level 10. HP: 85/86 MP: 9/9
  6912 | Lair:1   | Entered Level 1 of the Lair of Beasts
  6913 | Lair:1   | Noticed Joseph
  6934 | Lair:1   | Killed Joseph
  7481 | Lair:1   | Noticed Fannar
  7497 | Lair:1   | Killed Fannar
  7497 | Lair:1   | Reached skill level 10 in Fighting
  7497 | Lair:1   | Reached skill level 14 in Axes
  7702 | Lair:1   | Reached skill level 10 in Armour
  8261 | Lair:2   | Found a hole to the Spider Nest.
  8261 | Lair:2   | Noticed a wolf spider
  8268 | Lair:2   | Killed a wolf spider
  8446 | Lair:2   | Reached XP level 11. HP: 97/99 MP: 10/10
  8631 | Lair:2   | Reached XP level 12. HP: 111/111 MP: 11/11
  8640 | Lair:2   | Found a staircase to the Shoals.
  9095 | Lair:3   | HP: 3/115 [elephant (9)]
  9361 | Lair:3   | Identified a scroll of acquirement
  9364 | Lair:3   | Got a scorched battleaxe
  9365 | Lair:3   | Identified the +3 battleaxe "Tora" {chop, +Blink rPois Int+4} (You acquired it on level 3 of the Lair of Beasts)
  9828 | Lair:3   | Received a gift from Trog
  9832 | Lair:3   | Reached skill level 15 in Axes
 10828 | Lair:4   | Reached XP level 13. HP: 103/124 MP: 9/12
 11047 | Lair:4   | Found a dark tunnel.
 11056 | Volcano  | Entered a volcano
 11113 | Volcano  | Mangled by an earth elemental

Skill      XL: |  1  2  3  4  5  6  7  8  9 10 11 12 |
---------------+-------------------------------------+-----
Axes           | 4 5 6 8 9 10 12 13 14 15 | 15.9
Fighting       | 4 6 8 10 12 14 | 14.3
Armour         | 3 5 7 10 12 14 | 14.2
Dodging        | |  2.1

Action                   |  1- 3 |  4- 6 |  7- 9 | 10-12 | 13-15 || total
-------------------------+-------+-------+-------+-------+-------++-------
Melee: Hand axe          |    94 |    86 |   333 |   171 |       ||   684
       Headbutt          |     8 |    14 |    73 |    66 |    13 ||   174
       Battleaxe         |       |       |       |   153 |    35 ||   188
Invok: Berserk           |       |     2 |     1 |     3 |     1 ||     7
       Burn Spellbooks   |       |       |     2 |     2 |       ||     4
 Abil: Evoke Blink       |       |       |       |     1 |       ||     1
  Use: Potion            |     4 |     3 |     5 |    10 |       ||    22
       Scroll            |       |       |       |    14 |       ||    14
 Stab: Invisible         |     1 |       |       |       |       ||     1
  Eat: Chunk             |     2 |     5 |    14 |    15 |     1 ||    37
       Fruit             |       |       |     2 |     1 |       ||     3
Armor: Ring mail         |    26 |    31 |     5 |       |       ||    62
       Plate armour      |       |       |   140 |   451 |    22 ||   613
Dodge: Dodged            |    72 |    52 |    79 |   181 |    11 ||   395
